 Dungeon Crawl Stone Soup version 0.28.0-45-g0d030f2227 (webtiles) character file.

Game seed: 16097950898861826540

1274 Ablot the Cutter (level 8, -15/67 HPs)
             Began as a Gnoll Chaos Knight on Apr 20, 2022.
             Was a Plaything of Xom.
             Demolished by a gnoll sergeant
             ... wielding a +0 spear of venom
              (21 damage)
             ... on level 5 of the Dungeon.
             The game lasted 00:08:38 (6764 turns).

Ablot the Cutter (Gnoll Chaos Knight)               Turns: 6764, Time: 00:08:39

Health: -15/67     AC:  5    Str: 14    XL:     8   Next: 53%
Magic:  13/13      EV: 13    Int: 17    God:    Xom [..*...]
Gold:   178        SH:  0    Dex: 12    Spells: 11/13 levels left

rFire   . . .      SeeInvis .   a - +0 short sword (chaos)
rCold   . . .      Faith    .   (no shield)
rNeg    . . .      Spirit   .   b - +2 leather armour
rPois   .          Reflect  .   (no helmet)
rElec   .          Harm     .   (no cloak)
rCorr   .          Rampage  .   (no gloves)
Will    .....                   (no boots)
Stlth   ++........              e - amulet of magic regeneration
HPRegen 0.21/turn               x - +6 ring of intelligence
MPRegen 0.53/turn               m - +4 ring of slaying

@: lethally poisoned (-15 -> -41), unable to read
A: fangs 1, strong nose, distributed training, inability to read while
threatened
a: Renounce Religion


You were on level 5 of the Dungeon.
You worshipped Xom.
You were a toy of Xom.
You visited 1 branch of the dungeon, and saw 5 of its levels.
You also visited: Sewer.

You collected 178 gold pieces.

Inventory:

Hand Weapons
 a - a +0 short sword of chaos (weapon)
Missiles
 g - 212 stones
 h - 47 sling bullets
 l - 37 arrows
 r - 16 poisoned darts (quivered)
 D - 6 boomerangs
Armour
 b - a +2 leather armour (worn)
 E - an orb of energy
Magical Staves
 d - a staff of death
Jewellery
 e - an amulet of magic regeneration (around neck)
 k - a ring of wizardry
 m - a +4 ring of slaying (right hand)
 p - a ring of protection from fire
 x - a +6 ring of intelligence (left hand)
Wands
 u - a wand of mindburst (13)
Scrolls
 c - 2 scrolls of immolation {unknown}
 j - 4 scrolls of identify {unknown}
 n - 2 scrolls of teleportation {unknown}
 o - 2 scrolls of fear {unknown}
 q - 2 scrolls of enchant armour {unknown}
 s - 3 scrolls of fog {unknown}
 v - a scroll of silence {unknown}
 w - a scroll of magic mapping {unknown}
 y - 3 scrolls of summoning {unknown}
Potions
 f - 2 potions of heal wounds
 i - a potion of cancellation
 t - 2 potions of curing {unknown}
 z - a potion of resistance {unknown}
 A - a potion of invisibility {unknown}
 B - 2 potions of might {unknown}
 C - 2 potions of lignification {unknown}


   Skills:
 + Level 7.4 Fighting
 + Level 7.4 Short Blades
 + Level 3.3 Long Blades
 + Level 3.3 Axes
 + Level 3.3 Maces & Flails
 + Level 3.3 Polearms
 + Level 3.3 Staves
 + Level 3.3 Slings
 + Level 3.3 Bows
 + Level 3.3 Crossbows
 + Level 3.3 Throwing
 + Level 5.7 Armour
 + Level 4.3 Dodging
 + Level 3.3 Stealth
 + Level 3.3 Shields
 + Level 3.3 Unarmed Combat
 + Level 3.3 Spellcasting
 + Level 2.7 Conjurations
 + Level 2.7 Hexes
 + Level 2.7 Summonings
 + Level 2.7 Necromancy
 + Level 2.7 Translocations
 + Level 2.7 Transmutations
 + Level 2.7 Fire Magic
 + Level 2.7 Ice Magic
 + Level 2.7 Air Magic
 + Level 2.7 Earth Magic
 + Level 2.7 Poison Magic
 + Level 3.7 Invocations
 + Level 3.3 Evocations


You had 11 spell levels left.
You knew the following spells:

 Your Spells              Type           Power      Damage    Failure   Level
a - Apportation           Tloc           24%        N/A       7%          1
b - Animate Skeleton      Necr           24%        N/A       7%          1

Your spell library contained the following spells:

 Spells                   Type           Power      Damage    Failure   Level
 Summon Small Mammal      Summ           48%        N/A       7%          1


Dungeon Overview and Level Annotations

Branches:
Dungeon (5/15)              Sewer (visited)
 Temple: D:4-7

Altars:
Nemelex Xobeh
Trog
Xom

Shops:
D:5 (

Annotations:
D:4 1 runed translucent door, exclusion: door, benitares's ghost, amateur DDBe


Innate Abilities, Weirdness & Mutations

You have very sharp teeth.
Your uncanny sense of smell can sniff out nearby items.
Your experience applies equally to all skills.
You sometimes lose the ability to read scrolls when taking damage.


Message History

The gnoll completely misses you. The gnoll misses you.
The gnoll hits you with a +0 club.
* * * LOW HITPOINT WARNING * * *
The gnoll sergeant hits you with a +0 spear of venom.
* * * LOW HITPOINT WARNING * * *
You are more poisoned.
It was a potion of heal wounds.
You feel much better.
Xom thinks this is hilarious!
You feel very sick.
The gnoll closely misses you. x2; The gnoll barely misses you.
The gnoll hits you with a +0 club. The gnoll sergeant barely misses you.
Unknown command.
You barely miss the gnoll sergeant. You bite the gnoll sergeant.
The gnoll sergeant is severely wounded.
You feel very sick. The gnoll closely misses you. The gnoll barely misses you.
The gnoll completely misses you. The gnoll misses you.
The gnoll sergeant hits you with a +0 spear of venom!
* * * LOW HITPOINT WARNING * * *
You are more poisoned.
You feel much better.
You feel extremely sick. The gnoll closely misses you.
The gnoll hits you from afar with a +0 spear.
The gnoll closely misses you. The gnoll hits you with a +0 club.
The gnoll sergeant hits you but does no damage.
You are more poisoned.
It was a potion of cancellation.
You feel magically purged.
Xom roars with laughter!
* * * LOW HITPOINT WARNING * * *
You feel extremely sick. The gnoll misses you.
The gnoll hits you from afar with a +0 spear.
* * * LOW HITPOINT WARNING * * *
The gnoll hits you from afar with a +0 halberd.
* * * LOW HITPOINT WARNING * * *
The gnoll closely misses you.
The gnoll sergeant hits you with a +0 spear of venom!!
You die...
Xom laughs nastily!

#..# #........
##.###........
#..##........
#########.####.##### ##
#≈≈≈≈≈≈≈≈≈.# #.# .#
#≈##≈≈≈##≈.###.# .#
#≈#######≈..##.# .######
##≈≈#g..#≈≈#.##.# ......#
#.g.@g./#≈≈#..#.# ......#
#.≈≈#gg.#≈≈##'#.####
......#
#.≈#######≈........#
......#
#.≈##≈≈≈##≈........##
......#
#.≈≈≈≈≈≈≈≈≈....>.....
.######
#####.########.........##
.########.....#
#.........#
............###
#.........# .......##...#
#.........#


You could see a gnoll sergeant (strong) and 4 gnolls.

Vanquished Creatures
  A dream sheep (shapeshifter) (D:2)
  A water moccasin (D:5)
  An ice beast (D:3)
  A sky beast (D:5)
  A necrophage (D:5)
  A kobold brigand (Sewer)
  4 killer bees (D:4)
  A bullfrog zombie (D:5)
  A centaur zombie (D:5)
  An orc priest (D:5)
  An iguana (D:5)
  10 adders
  4 gnolls (D:4)
  3 river rats
  An ufetubus (D:5)
  4 worms
  4 dart slugs
  10 orcs
  13 ball pythons
  4 endoplasms
  2 giant cockroaches
  5 goblins
  4 hobgoblins
  5 jackals (D:1)
  11 kobolds
  6 quokkas
  5 bats
  6 frilled lizards
  18 rats
129 creatures vanquished.

Notes
Turn   | Place    | Note
-------+----------+-------------------------------------------
     0 | D:1      | Ablot the Gnoll Chaos Knight began the quest for the Orb.
     0 | D:1      | Reached XP level 1. HP: 23/23 MP: 1/1
   227 | D:1      | Reached XP level 2. HP: 28/29 MP: 2/2
   246 | D:1      | XOM: silly message
   247 | D:1      | XOM: scenery: create altars
   414 | D:1      | You fall into a shaft and drop 1 floor!
   473 | D:2      | XOM: 1-stop teleportation journey
   653 | D:2      | XOM: give mutation
   653 | D:2      | Gained mutation: You sometimes lose the ability to read
                  | scrolls when taking damage. [Xom's mischief]
   679 | D:2      | XOM: summons 2 hostile demons
   680 | D:2      | Noticed a crimson imp
   820 | D:2      | Reached XP level 3. HP: 35/35 MP: 3/3
   820 | D:2      | XOM: silly message
   829 | D:2      | XOM: smoke on damage
   835 | D:2      | Noticed a glowing shapeshifter
   835 | D:2      | an endoplasm changed into a glowing shapeshifter
   835 | D:2      | Noticed a dream sheep
   835 | D:2      | a glowing shapeshifter changed into a dream sheep
   846 | D:2      | Killed a dream sheep
   847 | D:2      | Reached skill level 1 in Long Blades
   847 | D:2      | Reached skill level 1 in Axes
   847 | D:2      | Reached skill level 1 in Maces & Flails
   847 | D:2      | Reached skill level 1 in Polearms
   847 | D:2      | Reached skill level 1 in Staves
   847 | D:2      | Reached skill level 1 in Slings
   847 | D:2      | Reached skill level 1 in Bows
   847 | D:2      | Reached skill level 1 in Crossbows
   847 | D:2      | Reached skill level 1 in Throwing
   847 | D:2      | Reached skill level 1 in Stealth
   847 | D:2      | Reached skill level 1 in Shields
   847 | D:2      | Reached skill level 1 in Unarmed Combat
   847 | D:2      | Reached skill level 1 in Spellcasting
   847 | D:2      | Reached skill level 1 in Conjurations
   847 | D:2      | Reached skill level 1 in Hexes
   847 | D:2      | Reached skill level 1 in Summonings
   847 | D:2      | Reached skill level 1 in Necromancy
   847 | D:2      | Reached skill level 1 in Translocations
   847 | D:2      | Reached skill level 1 in Transmutations
   847 | D:2      | Reached skill level 1 in Fire Magic
   847 | D:2      | Reached skill level 1 in Ice Magic
   847 | D:2      | Reached skill level 1 in Air Magic
   847 | D:2      | Reached skill level 1 in Earth Magic
   847 | D:2      | Reached skill level 1 in Poison Magic
   847 | D:2      | Reached skill level 1 in Invocations
   847 | D:2      | Reached skill level 1 in Evocations
   847 | D:2      | Reached XP level 4. HP: 13/41 MP: 3/6
   847 | D:2      | Reached XP level 5. HP: 15/47 MP: 3/7
   949 | D:1      | XOM: silly message
  1313 | D:1      | XOM: silly message
  1326 | D:1      | Found a faded altar of an unknown god.
  1426 | D:1      | Learned a level 1 spell: Apportation
  1428 | D:1      | Learned a level 1 spell: Animate Skeleton
  1733 | D:2      | Reached XP level 6. HP: 51/53 MP: 8/8
  2551 | D:3      | Noticed an ice beast
  2567 | D:3      | Killed an ice beast
  2568 | D:3      | Reached skill level 5 in Armour
  2610 | D:3      | XOM: silly message
  2667 | D:3      | Found a sparkling altar of Nemelex Xobeh.
  2776 | D:3      | Found a bloodstained altar of Trog.
  3203 | D:4      | XOM: divination: magic mapping
  3316 | D:4      | XOM: divination: detect creatures
  3508 | D:4      | Reached XP level 7. HP: 12/59 MP: 10/10
  3527 | D:4      | Found a glowing drain.
  3532 | Sewer    | Entered a sewer
  3749 | Sewer    | XOM: silly message
  3906 | Sewer    | XOM: cast spell 'Olgreb's Toxic Radiance'
  4506 | Sewer    | XOM: silly message
  4747 | D:4      | Identified the +2 leather armour of Mafriox {-Tele Harm
                  | Int+7 Stlth+}
  4901 | D:4      | Found a runed translucent door.
  4901 | D:4      | Noticed benitares's ghost (amateur DDBe)
  4948 | D:4      | XOM: potion effect (haste)
  4973 | D:4      | XOM: silly message
  5020 | D:4      | Reached XP level 8. HP: 7/67 MP: 12/12
  5314 | D:4      | XOM: silly message
  5588 | D:5      | Entered Level 5 of the Dungeon
  5606 | D:5      | XOM: potion effect (might)
  5834 | D:5      | Found Kailokk's Antique Weapon Boutique.
  6089 | D:5      | XOM: silly message
  6757 | D:5      | XOM: blink monster(s)
  6764 | D:5      | Demolished by a gnoll sergeant

Illustrated notes

Levels and vault maps discovered:
D:1:      nzn_arrival_water_spiral, layout_loops_corners,
          ebering_ecumenical_altar_mist, st_stairs_6, minivault_14
D:2:      layout_basic, minmay_fractal_squares_5
D:3:      layout_basic, mainiacjoe_overflow_catwalk, lemuel_crystal_altar
D:4:      layout_basic, lightli_sewer_entry_pipes, gammafunk_ghost_grave
D:5:      layout_basic, serial_shops, kennysheep_mini, lightli_minifort

Skill      XL: |  1  2  3  4  5  6  7  8 |
---------------+-------------------------+-----
Long Blades    | 1 2 3 |  3.3
Axes           | 1 2 3 |  3.3
Maces & Flails | 1 2 3 |  3.3
Polearms       | 1 2 3 |  3.3
Staves         | 1 2 3 |  3.3
Slings         | 1 2 3 |  3.3
Bows           | 1 2 3 |  3.3
Crossbows      | 1 2 3 |  3.3
Throwing       | 1 2 3 |  3.3
Dodging        | 3 4 |  4.3
Stealth        | 1 2 3 |  3.3
Shields        | 1 2 3 |  3.3
Unarmed Combat | 1 2 3 |  3.3
Spellcasting   | 1 2 3 |  3.3
Conjurations   | 1 2 |  2.7
Hexes          | 1 2 |  2.7
Summonings     | 1 2 |  2.7
Necromancy     | 1 2 |  2.7
Translocations | 1 2 |  2.7
Transmutations | 1 2 |  2.7
Fire Magic     | 1 2 |  2.7
Ice Magic      | 1 2 |  2.7
Air Magic      | 1 2 |  2.7
Earth Magic    | 1 2 |  2.7
Poison Magic   | 1 2 |  2.7
Invocations    | 1 2 3 |  3.7
Evocations     | 1 2 3 |  3.3
Armour         | 5 |  5.7
Fighting       | 7 |  7.4
Short Blades   | 7 |  7.4

Action                   |  1- 3 |  4- 6 |  7- 9 || total
-------------------------+-------+-------+-------++-------
Melee: Short sword       |    61 |   120 |   193 ||   374
       Punch             |     2 |     5 |     3 ||    10
       Bite              |     1 |    11 |    24 ||    36
Throw: Dart              |       |     1 |       ||     1
  Use: Potion            |       |       |     3 ||     3
 Stab: Sleeping          |       |     3 |     2 ||     5
       Confused          |       |     1 |       ||     1
Armor: Leather armour    |    30 |    29 |    33 ||    92
Dodge: Dodged            |    55 |    64 |   104 ||   223
